 Dungeon Crawl Stone Soup version 0.30-a0-321-gf7783e6616 (webtiles) character file.

Game seed: 12750059078825602101

171 Bnni the Grave Robber (level 5, -1/38 HPs)
             Began as a Demonspawn Necromancer on Oct 26, 2022.
             Slain by Caerun's ghost (9 damage)
             ... on level 3 of the Dungeon.
             The game lasted 00:07:08 (2772 turns).

Bnni the Grave Robber (Demonspawn Necromancer)      Turns: 2772, Time: 00:07:09

Health: -1/38      AC:  8    Str:  6 (8)  XL:     5   Next: 26%
Magic:  6/9        EV: 11    Int: 17 (18) God:
Gold:   131        SH:  0    Dex:  1 (14) Spells: 2/10 levels left

rFire   + . .      SeeInvis .    y - +0 trident
rCold   + . .      Faith    .    (no shield)
rNeg    . . .      Spirit   .    a - +0 robe
rPois   +          Reflect  .    (no helmet)
rElec   +          Harm     .    q - +0 cloak
rCorr   +          Rampage  .    h - +2 pair of gloves
Will    .....                    (no boots)
Stlth   +.........               (no amulet)
HPRegen 0.26/turn                (no ring)
MPRegen 0.11/turn                (no ring)

@: mighty, resistant, animating dead
A: icy blue scales 1, spiny 1
a: no special abilities


You were on level 3 of the Dungeon.
You visited 1 branch of the dungeon, and saw 3 of its levels.

You collected 131 gold pieces.

Inventory:

Hand Weapons
 i - a +0 sling
 x - a +2 dagger of venom
 y - a +0 trident (weapon)
Missiles
 z - 8 poisoned darts
Armour
 a - a +0 robe (worn)
 h - a +2 pair of gloves (worn)
 q - a +0 cloak (worn)
Wands
 l - a wand of polymorph (4)
 r - a wand of light (7)
 v - a wand of mindburst (6)
Scrolls
 c - 2 scrolls of blinking {unknown}
 d - a scroll of teleportation {unknown}
 g - a scroll of enchant weapon {unknown}
 j - 2 scrolls of enchant armour {unknown}
 n - a scroll of vulnerability {unknown}
 p - a scroll of brand weapon {unknown}
 w - 2 scrolls of torment {unknown}
Potions
 b - 2 potions of magic
 f - a potion of curing
 k - a potion of degeneration
 m - a potion of haste {unknown}
 o - a potion of attraction {unknown}
 s - a potion of resistance
 t - a potion of berserk rage {unknown}
 u - a potion of brilliance {unknown}


   Skills:
 + Level 2.2 Fighting
 - Level 1.7 Dodging
 - Level 1.7 Stealth
 + Level 3.0 Spellcasting
 * Level 6.0 Necromancy


You had 2 spell levels left.
You knew the following spells:

 Your Spells              Type           Power      Damage    Failure   Level
a - Necrotise             Necr           92%        1d8       1%          1
c - Vampiric Draining     Necr           23%        2d7       4%          3
d - Animate Dead          Necr           23%        N/A       14%         4

Your spell library contained the following spells:

 Spells                   Type           Power      Damage    Failure   Level
 Agony                    Necr           23%        N/A       38%         5
 Call Canine Familiar     Summ           2%         N/A       45%         3
 Portal Projectile        Hex/Tloc       4%         N/A       45%         3
 Summon Guardian Golem    Hex/Summ       2%         N/A       45%         3
 Leda's Liquefaction      Hex/Erth       1%         N/A       86%         4
 Orb of Destruction       Conj           1%         9d5       100%        7
 Spellforged Servitor     Conj/Summ      1%         N/A       100%        7


Dungeon Overview and Level Annotations

Branches:
Dungeon (3/15)

Altars:
Fedhas
Ru

Annotations:
D:3 1 transporter, Caerun's ghost, weakling GnWr


Innate Abilities, Weirdness & Mutations

You are partially covered in icy blue scales. (AC +2)
You are partially covered in sharp spines.


Message History

The quasit bites you but does no damage.
The quasit claws you but does no damage.
The quasit closely misses you.
You feel better. Caerun's ghost hits you. The quasit closely misses you.
The quasit claws you but does no damage.
The quasit claws you.
You feel clumsy. The quasit is struck by your spines.
The quasit bites you but does no damage.
The quasit barely misses you. x2
Okay, then.
Your +2 dagger of venom stops dripping with poison.
y - a +0 trident (weapon)
The quasit is struck by your spines. The quasit bites you.
The quasit claws you but does no damage. x2
Caerun's ghost hits you!
* * * LOW HITPOINT WARNING * * *
It was a potion of degeneration.
There was something very wrong with that liquid.
You feel weakened.
You feel dopey.
You feel clumsy. The quasit completely misses you.
The quasit barely misses you.
The quasit claws you but does no damage.
The quasit closely misses you. The quasit misses you.
The quasit barely misses you.
Caerun's ghost is struck by your spines.
Caerun's ghost hits you but does no damage.
The quasit bites you but does no damage.
The quasit claws you but does no damage.
The quasit barely misses you.
It was a potion of might.
You feel very mighty all of a sudden.
The quasit bites you but does no damage.
The quasit barely misses you.
The quasit claws you but does no damage.
The quasit bites you but does no damage.
The quasit claws you but does no damage.
The quasit claws you.
* * * LOW HITPOINT WARNING * * *
Caerun's ghost hits you!
You die...

#.#.###..#...#.#..#.#
#.#
###÷)).....#...#.#..#.#
#.#
#.........##.#.....##.#
#.#
#.###.##..#.#...#..#..##
#.# #.#
#.....#...#©.=|#©..###.#
#.#
####..##.....#[#.......#
#.#
#..©#.#...#.##.######
#.######..##5W##.#. #.#
#.........#.5@#...#.#.#
###.######.##....#..##.#
###8#.# #..##......#..#
......# ##..#####.##.##
......#
##.....###..########
......#
#########.............##
.##8###
#.....####.###.##.......
.####
#.###.............###.#.
.⌠# #.#
####.....#.######.#.


You could see 2 quasits and Caerun's ghost.

Vanquished Creatures
  A quasit (D:3)
  6 adders
  2 dart slugs
  A worm (D:2)
  7 orcs (D:3)
  6 endoplasms
  3 giant cockroaches
  7 goblins
  4 hobgoblins
  4 jackals
  2 quokkas (D:2)
  8 ball pythons
  4 bats
  3 frilled lizards
  6 kobolds
  6 rats
70 creatures vanquished.

Vanquished Creatures (collateral kills)
  A jackal (D:1)
  A kobold (D:1)
2 creatures vanquished.

Grand Total: 72 creatures vanquished

Notes
Turn   | Place    | Note
-------+----------+-------------------------------------------
     0 | D:1      | Bnni the Demonspawn Necromancer began the quest for the
                  | Orb.
     0 | D:1      | Reached XP level 1. HP: 13/13 MP: 3/3
   252 | D:1      | Gained mutation: You are partially covered in icy blue
                  | scales. (AC +2) [demonic ancestry]
   252 | D:1      | Reached XP level 2. HP: 20/20 MP: 5/5
   443 | D:1      | Reached skill level 1 in Fighting
   757 | D:1      | Reached skill level 5 in Necromancy
   823 | D:1      | Found a faded altar of an unknown god.
   890 | D:2      | Reached XP level 3. HP: 26/26 MP: 6/6
   898 | D:2      | Learned a level 3 spell: Vampiric Draining
   899 | D:2      | Found a blossoming altar of Fedhas.
   941 | D:2      | Gained mutation: You are partially covered in sharp spines.
                  | [demonic ancestry]
   941 | D:2      | Reached XP level 4. HP: 23/32 MP: 0/7
  1550 | D:2      | Learned a level 4 spell: Animate Dead
  1845 | D:3      | Found a sacrificial altar of Ru.
  2259 | D:3      | Reached XP level 5. HP: 38/38 MP: 6/9
  2280 | D:3      | Found a transporter.
  2305 | D:3      | Noticed Caerun's ghost (weakling GnWr)
  2393 | D:3      | Found a transporter.
  2762 | D:3      | Reached skill level 6 in Necromancy
  2772 | D:3      | Slain by Caerun's ghost

Illustrated notes

Levels and vault maps discovered:
D:1:      dpeg_arrival_rooms_c, layout_basic, dilly_ecumenical_altar_fadedgnrine
D:2:      layout_loops_ring, basic_altar
D:3:      layout_loops_corners, overflow_temple_1_default,
          gammafunk_ghost_stat_death, corexii_hall_statues_s

Skill      XL: |  1  2  3  4  5 |
---------------+----------------+-----
Fighting       | 1 2 |  2.2
Necromancy     | 5 6 |  6.0
Spellcasting   | 3 |  3.0
Dodging        | |  1.7
Stealth        | |  1.7

Action                   |  1- 3 |  4- 6 || total
-------------------------+-------+-------++-------
Melee: Short sword       |    48 |       ||    48
       Unarmed           |     1 |       ||     1
       Dagger            |       |    17 ||    17
 Fire: Sling             |    51 |    93 ||   144
 Cast: Necrotise         |    13 |     4 ||    17
       Vampiric Draining |     2 |       ||     2
       Animate Dead      |       |     1 ||     1
  Use: Potion            |       |     5 ||     5
 Stab: Sleeping          |     2 |       ||     2
Armor: Robe              |    43 |    68 ||   111
Dodge: Dodged            |    62 |    85 ||   147

Table legend: (Time is in decaauts)
 A = Elapsed time spent in this place.
 B = Non-inter-level travel time spent in this place.
 C = Inter-level travel time spent in this place.
 D = Time resting spent in this place.
 E = Time spent auto-exploring this place.
 F = Levels seen in this place.
 G = Mean time per level.
                   A        B        C        D        E       F      G
               +--------+--------+--------+--------+--------+-----+--------+
         Total |   2825 |   2740 |     85 |    185 |   2039 |   3 |  941.7 |
       Dungeon |   2825 |   2740 |     85 |    185 |   2039 |   3 |  941.7 |
               +--------+--------+--------+--------+--------+-----+--------+

Top non-repeatable levels by time:
     D:3: 1110 daAuts
     D:2: 860 daAuts
     D:1: 855 daAuts
